 Dungeon Crawl Stone Soup version 0.26-a0-224-g2964c8cf50 (webtiles) character file.

Game seed: 14858567788937848987

541 Esekla the Stinger (level 7, -3/51 HPs)
             Began as a Formicid Venom Mage on July 6, 2020.
             Was a Believer of Zin.
             Killed by divine providence
             ... invoked by an orc priest
              (14 damage)
             ... on level 5 of the Dungeon.
             The game lasted 00:35:06 (4709 turns).

Esekla the Stinger (Formicid Venom Mage)            Turns: 4709, Time: 00:35:07

Health: -3/51      AC:  1    Str: 12    XL:     7   Next: 51%
Magic:  1/13       EV: 12    Int: 23    God:    Zin [**....]
Gold:   59         SH:  0    Dex: 11    Spells: 6/15 levels left

rFire    . . .     SeeInvis +   j - +0 short sword
rCold    . . .     Faith    .   (no shield)
rNeg     + . .     Spirit   .   w - -1 robe (curse)
rPois    .         Reflect  .   (helmet unavailable)
rElec    .         Harm     .   (no cloak)
rCorr    .                      (no gloves)
MR       .....                  (no boots)
Stlth    ++........             (no amulet)
HPRegen  0.17/turn              e - +6 ring of intelligence
MPRegen  0.13/turn              q - ring of positive energy

@: no status effects
A: permanent stasis, dig shafts and tunnels, four strong arms, antennae 3
a: Dig, Shaft Self, Recite, Vitalisation, Donate Gold, Renounce Religion


You were on level 5 of the Dungeon.
You worshipped Zin.
Zin was pleased with you.
You were not hungry.

You visited 2 branches of the dungeon, and saw 6 of its levels.

You collected 143 gold pieces.
You spent 70 gold pieces at shops.
You donated 14 gold pieces to Zin.

Inventory:

Hand Weapons
 j - a +0 short sword (weapon)
 r - a +0 halberd
Missiles
 g - 12 boomerangs (quivered)
 u - 4 poisoned darts
Armour
 a - a +0 robe
 w - a cursed -1 robe (worn)
Jewellery
 e - a +6 ring of intelligence (left hand)
 q - a ring of positive energy (right hand)
Scrolls
 b - 3 scrolls of remove curse {unknown}
 d - a scroll of magic mapping {unknown}
 f - 4 scrolls of identify {unknown}
 l - a scroll of enchant armour {unknown}
 m - 3 scrolls of amnesia {unknown}
 n - 3 scrolls of teleportation {unknown}
 t - a scroll of blinking {unknown}
 v - a scroll of noise {unknown}
Potions
 h - 4 potions of curing {unknown}
 i - a potion of ambrosia {unknown}
 k - a potion of heal wounds {unknown}
 o - a potion of invisibility {unknown}
 p - a potion of haste {unknown}
 s - a potion of mutation {unknown}
Comestibles
 c - 5 rations


   Skills:
 * Level 2.4 Fighting
 + Level 1.1 Short Blades
 + Level 2.6 Dodging
 - Level 2.4 Stealth
 * Level 4.6 Spellcasting
 * Level 1.7 Conjurations
 - Level 1.1 Transmutations
 * Level 1.9 Fire Magic
 * Level 2.5 Air Magic
 + Level 4.7 Poison Magic


You had 6 spell levels left.
You knew the following spells:

 Your Spells              Type           Power        Failure   Level
a - Sting                 Tmut/Pois      ###.         3%          1
c - Mephitic Cloud        Conj/Pois/Air  ###.....     9%          3
n - Ignite Poison         Fire/Tmut/Pois ###.....     11%         3
v - Poisonous Vapours     Pois/Air       ###...       3%          2

Your spell library contained the following spells:

 Spells                   Type           Power        Failure   Level
 Olgreb's Toxic Radiance  Pois           ####....     14%         4


Dungeon Overview and Level Annotations

Branches:
Dungeon (5/15)             Temple (1/1) D:4

Altars:
Ashenzari
Cheibriados
Dithmenos
Fedhas
Hepliaklqana
Makhleb
Nemelex Xobeh
Okawaru
Qazlal
Ru
Sif Muna
Trog
Vehumet
Wu Jian
Xom
Yredelemnul
Zin

Shops:
D:4 [

Annotations:
D:2 1 transporter


Innate Abilities, Weirdness & Mutations

You cannot be hasted, slowed, berserked, paralysed or teleported.
You can dig through walls and to a lower floor.
Your four strong arms can wield two-handed weapons with a shield.
You have a pair of large antennae on your head. (SInv)


Message History

Poisonous vapours surround the ogre!
An orc comes into view. It is wielding a +0 mace.
The ogre is engulfed in poison gas.
The ogre is poisoned.
You kill the ogre!
Your Short Blades skill increases to level 1!
The orc hits you with a +0 club. The jackal zombie closely misses you.
The orc priest shouts!
You hear a shout!
An orc comes into view. It is wielding a +0 flail.
The orc hits you with a +0 club. The orc priest hits you with a +0 mace!
* * * LOW HITPOINT WARNING * * *
Casting: Poisonous Vapours (safe; 3% risk of failure)
Confirm with . or Enter, or press ? or * to list all spells.
You don't have enough magic to cast that spell.
Unknown command.
Unknown command.
The orc hits you with a +0 mace.
* * * LOW HITPOINT WARNING * * *
The orc priest mumbles some strange prayers to Beogh against you.
Beogh smites you!
You die...

..##....###.###.....
####..#..#......
##...###.......
##....##......
#...[...o....
#..........#
#..#.......##
##...oo.....##
##..Z@....<.?
#..o##...... #####
##.... ... .


You could see an orc priest, 3 orcs and a jackal zombie.

Vanquished Creatures
  Sigmund (D:5)
  An ogre (D:5)
  A howler monkey (D:4)
  A hound (D:4)
  2 orc priests (D:3)
  A worker ant (D:5)
  A hound zombie (D:5)
  4 gnolls (D:2)
  6 adders
  An ufetubus (D:5)
  2 worms (D:2)
  3 leopard geckos
  13 orcs
  A giant cockroach (D:1)
  A goblin (D:2)
  8 hobgoblins
  13 jackals
  A quokka (D:2)
  2 ball pythons
  6 bats
  3 frilled lizards
  A jackal skeleton (D:4)
  6 kobolds
  7 rats
86 creatures vanquished.

Notes
Turn   | Place    | Note
-------+----------+-------------------------------------------
     0 | D:1      | Esekla the Formicid Venom Mage began the quest for the Orb.
     0 | D:1      | Reached XP level 1. HP: 13/13 MP: 3/3
   517 | D:1      | Reached XP level 2. HP: 20/20 MP: 3/5
   525 | D:1      | Learned a level 2 spell: Poisonous Vapours
   768 | D:2      | Reached XP level 3. HP: 25/25 MP: 4/7
   773 | D:2      | Learned a level 3 spell: Mephitic Cloud
   913 | D:2      | Found a shimmering altar of Xom.
   913 | D:2      | Found a glowing silver altar of Zin.
   915 | D:2      | Found a basalt altar of Yredelemnul.
   915 | D:2      | Found a sacrificial altar of Ru.
   922 | D:2      | Reached skill level 1 in Fighting
   999 | D:2      | Found a sparkling altar of Nemelex Xobeh.
   999 | D:2      | Found a transporter.
   999 | D:2      | Noticed a water moccasin
  1022 | D:2      | Found a faded altar of an unknown god.
  1064 | D:2      | Became a worshipper of Zin the Law-Giver
  1064 | D:2      | Reached * piety under Zin
  1650 | D:1      | Reached XP level 4. HP: 32/32 MP: 8/8
  2343 | D:2      | Reached skill level 1 in Air Magic
  2898 | D:2      | Reached skill level 1 in Conjurations
  3170 | D:2      | Reached XP level 5. HP: 28/37 MP: 4/10
  3507 | D:3      | Reached ** piety under Zin
  3569 | D:4      | Noticed a necrophage
  3600 | D:3      | Learned a level 3 spell: Ignite Poison
  3923 | D:3      | Reached XP level 6. HP: 43/43 MP: 6/12
  4071 | D:4      | Noticed an ogre
  4251 | D:4      | Reached skill level 1 in Fire Magic
  4291 | D:4      | Found a staircase to the Ecumenical Temple.
  4316 | D:4      | Found Kihyah's Antique Armour Boutique.
  4329 | D:4      | Found a blossoming altar of Fedhas.
  4385 | Temple   | Entered the Ecumenical Temple
  4492 | D:4      | Bought a runed robe for 70 gold pieces
  4508 | D:5      | Entered Level 5 of the Dungeon
  4519 | D:5      | Found a bloodstained altar of Trog.
  4673 | D:5      | Noticed Sigmund
  4685 | D:5      | Noticed an ogre
  4689 | D:5      | Killed Sigmund
  4689 | D:5      | Reached XP level 7. HP: 36/51 MP: 4/13
  4703 | D:5      | Reached skill level 1 in Short Blades
  4709 | D:5      | Killed from afar by an orc priest

Illustrated notes

Levels and vault maps discovered:
D:1:      lemuel_arrival_tunnels, layout_basic, minmay_crystal_room,
          hangedman_decor_push
D:2:      layout_loops_corners, chequers_temple_overflow_statue_of_worship,
          first_ration, chequers_ecumenical_altar_island,
          chequers_serial_rivers_room_a, grunt_nemelex_the_gamble
D:3:      layout_rooms, uniq_robin
D:4:      cheibrodos_quashed, layout_loops_cross, fedhas_altar_1,
          minmay_temple_entry_gardened_gates, serial_shops, shop,
          hangedman_decor_clover_reticule, kennysheep_generic_room_2
D:5:      layout_cave_pools, overflow_temple_1_default,
          nicolae_overflow_hidden_temple, serial_column_ruins,
          column_ruins_grid_5, column_ruins_circle_small,
          column_ruins_open_medium, column_ruins_columns_corner,
          column_ruins_columns_corner, column_ruins_grid_1,
          column_ruins_open_medium, column_ruins_open_tiny, uniq_sigmund
Temple:   zaba_magenta_temple

Skill      XL: |  1  2  3  4  5  6  7 |
---------------+----------------------+-----
Dodging        | 2 |  2.6
Fighting       | 1 2 |  2.4
Spellcasting   | 3 4 |  4.6
Air Magic      | 1 2 |  2.5
Conjurations   | 1 |  1.7
Fire Magic     | 1 |  1.9
Short Blades   | 1 |  1.1
Stealth        | |  2.4
Transmutations | |  1.1
Poison Magic   | |  4.7

Action                   |  1- 3 |  4- 6 |  7- 9 || total
-------------------------+-------+-------+-------++-------
Melee: Unarmed           |     2 |       |       ||     2
       Short sword       |    10 |    50 |    10 ||    70
Throw: Boomerang         |     1 |       |       ||     1
 Cast: Sting             |     8 |       |       ||     8
       Poisonous Vapours |    22 |    81 |     3 ||   106
       Mephitic Cloud    |       |     3 |       ||     3
 Stab: Sleeping          |     1 |     1 |       ||     2
       Confused          |       |     3 |     1 ||     4
  Eat: Ration            |     1 |     3 |       ||     4
Armor: Robe              |     4 |    11 |     2 ||    17
Dodge: Dodged            |    21 |    93 |    14 ||   128

Table legend:
 A = Non-vault XP
 B = Vault XP
 C = Vault XP percentage of total XP
 D = Non-vault monster count
 E = Vault monster count
 F = Vault count percentage of total count
                 A         B        C        D         E       F
            +---------+---------+-------+---------+---------+-------
      Total |     593 |     180 |  23.3 |      85 |       1 |   1.2
            +---------+---------+-------+---------+---------+-------
        D:1 |      40 |       0 |   0.0 |      25 |       0 |   0.0
        D:2 |     128 |       0 |   0.0 |      24 |       0 |   0.0
        D:3 |     144 |       0 |   0.0 |      19 |       0 |   0.0
        D:4 |     130 |       0 |   0.0 |       8 |       0 |   0.0
        D:5 |     151 |     180 |  54.4 |       9 |       1 |  10.0
            +---------+---------+-------+---------+---------+-------
